 Dungeon Crawl Stone Soup version 0.28.0-53-g5a82cb258f (webtiles) character file.

Game seed: 14453974458409990548

101 ILmort the Digger (level 4, 0/25 HPs)
             Began as a Gargoyle Earth Elementalist on Aug 20, 2022.
             Was a Believer of Fedhas.
             Slain by a goblin
             ... wielding a +0 whip
              (5 damage)
             ... on level 2 of the Dungeon.
             The game lasted 00:10:25 (2787 turns).

ILmort the Digger (Gargoyle Earth Elementalist)     Turns: 2787, Time: 00:10:26

Health: 0/25       AC:  5    Str: 12    XL:     4   Next: 75%
Magic:  2/8        EV: 11    Int: 17    God:    Fedhas [**....]
Gold:   45         SH:  0    Dex: 10    Spells: 8/9 levels left

rFire   . . .      SeeInvis .   j - +1 whip (freeze)
rCold   . . .      Faith    .   (no shield)
rNeg    + . .      Spirit   .   b - +0 robe
rPois   ∞          Reflect  .   (no helmet)
rElec   +          Harm     .   (no cloak)
rCorr   .          Rampage  .   (no gloves)
Will    .....                   (no boots)
Stlth   ++........              (no amulet)
HPRegen 0.08/turn               i - ring of flight
MPRegen 0.11/turn               (no ring)

@: about to teleport, flying, very slightly contaminated
A: sickness immunity, AC +3, negative energy resistance 1, electricity
resistance, torment resistance 1, petrification resistance
a: Renounce Religion, Wall of Briars


You were on level 2 of the Dungeon.
You worshipped Fedhas.
Fedhas was pleased with you.
You visited 1 branch of the dungeon, and saw 2 of its levels.

You collected 45 gold pieces.

Inventory:

Hand Weapons
 a - a +0 dagger
 j - a +1 whip of freezing (weapon)
Missiles
 c - 41 stones
 k - 2 throwing nets
Armour
 b - a +0 robe (worn)
Jewellery
 i - a ring of flight (left hand)
Scrolls
 f - 2 scrolls of enchant weapon {unknown}
 g - a scroll of teleportation
 h - a scroll of blinking {unknown}
 l - a scroll of vulnerability {unknown}
 m - a scroll of noise {unknown}
Potions
 d - a potion of might {unknown}
 e - 3 potions of curing {unknown}


   Skills:
 + Level 1.0 Fighting
 - Level 1.5 Dodging
 - Level 2.1 Stealth
 * Level 3.0 Spellcasting
 + Level 1.2 Transmutations
 + Level 5.1 Earth Magic


You had 8 spell levels left.
You knew the following spells:

 Your Spells              Type           Power      Damage    Failure   Level
a - Sandblast             Erth           40%        2d10      2%          1

Your spell library contained the following spells:

 Spells                   Type           Power      Damage    Failure   Level
 Passwall                 Tmut/Erth      10%        N/A       7%          2
 Beastly Appendage        Tmut           12%        N/A       11%         1
 Wereblood                Tmut           6%         N/A       16%         2
 Magic Dart               Conj           8%         1d3       17%         1
 Stone Arrow              Conj/Erth      22%        3d8       19%         3
 Searing Ray              Conj           4%         2d4       26%         2
 Spider Form              Tmut/Pois      4%         N/A       38%         3
 Petrify                  Tmut/Erth      13%        N/A       43%         4
 Fulminant Prism          Conj/Hex       1%         3d6       86%         4
 Chain Lightning          Conj/Air       1%         3d1       100%        9
 Fire Storm               Conj/Fire      1%         7d1       100%        9
 Shatter                  Erth           10%        3d11*     100%        9


Dungeon Overview and Level Annotations

Branches:
Dungeon (2/15)

Altars:
Fedhas

Shops:
D:2 ?


Innate Abilities, Weirdness & Mutations

You are immune to sickness and miasma.
Your stone body is resilient. (AC +3)
You are immune to poison.
You resist negative energy. (rN+)
You are resistant to electric shocks. (rElec)
You are resistant to unholy torment.
You are immune to petrification.


Message History

Aiming: Sandblast (safe; 2% risk of failure)
Aim: a goblin, wielding a +0 whip and wearing a +0 chain mail (81% to hit)
The blast of sand hits the goblin.
The jackal closely misses you. The goblin hits you with a +0 whip.
The jackal closely misses you.
Casting: Sandblast (safe; 2% risk of failure)
Aiming: Sandblast (safe; 2% risk of failure)
Aim: a goblin, wielding a +0 whip and wearing a +0 chain mail (heavily wounded, 81% to hit)
The blast of sand hits the goblin but does no damage.
The jackal barely misses you. The goblin hits you with a +0 whip.
Casting: Sandblast (safe; 2% risk of failure)
Aiming: Sandblast (safe; 2% risk of failure)
Aim: a goblin, wielding a +0 whip and wearing a +0 chain mail (moderately wounded, 81% to hit)
The blast of sand hits the goblin but does no damage.
The jackal closely misses you. The goblin hits you but does no damage.
The jackal bites you but does no damage.
Casting: Sandblast (safe; 2% risk of failure)
Aiming: Sandblast (safe; 2% risk of failure)
Aim: a goblin, wielding a +0 whip and wearing a +0 chain mail (moderately wounded, 81% to hit)
The blast of sand hits the goblin but does no damage.
The goblin hits you with a +0 whip. The jackal barely misses you.
Casting: Sandblast (safe; 2% risk of failure)
Aiming: Sandblast (safe; 2% risk of failure)
Aim: a goblin, wielding a +0 whip and wearing a +0 chain mail (moderately wounded, 81% to hit)
The blast of sand hits the goblin but does no damage.
The jackal barely misses you. The goblin barely misses you.
Casting: Sandblast (safe; 2% risk of failure)
Aiming: Sandblast (safe; 2% risk of failure)
Aim: a goblin, wielding a +0 whip and wearing a +0 chain mail (moderately wounded, 81% to hit)
You miscast Sandblast.
You are very lightly contaminated with residual magic.
Nothing appears to happen.
The jackal bites you but does no damage.
The goblin hits you with a +0 whip.
* * * LOW HITPOINT WARNING * * *
The jackal bites you but does no damage.
As you read the scroll of teleportation, it crumbles to dust.
You feel strangely unstable. The jackal closely misses you.
The goblin hits you with a +0 whip.
You die...
Fedhas appreciates your contribution to the ecosystem.

########
#.#######.).....#######'
)...........
..................
#######..#.##
###.......#######. ##
#.##.# #.......# #.
.######' #.#####
#.......# #. ........
....... #.......# #.
..#..... .......
###..#### #. .## ....
......h####..# #. ## ...
......g@.....##########.
.## .
......†##...............
..#...
...###.#................
.....# .
#.#....†...........
##.###
#.#.....).########.
#.####
#.#................
##..... ..#
#.##......#########
....# #.. ...........
....# #.# .........##


You could see a jackal and a goblin.

Vanquished Creatures
  4 gnolls (D:2)
  An adder (D:1)
  A ball python (D:1)
  5 endoplasms (D:1)
  4 giant cockroaches
  6 goblins
  4 hobgoblins
  4 jackals
  3 quokkas
  6 bats
  3 frilled lizards
  6 kobolds
  3 rats (D:1)
50 creatures vanquished.

Notes
Turn   | Place    | Note
-------+----------+-------------------------------------------
     0 | D:1      | ILmort the Gargoyle Earth Elementalist began the quest for
                  | the Orb.
     0 | D:1      | Reached XP level 1. HP: 10/10 MP: 3/3
    81 | D:1      | Reached skill level 4 in Earth Magic
    95 | D:1      | Reached XP level 2. HP: 15/15 MP: 0/5
   483 | D:1      | Found a faded altar of an unknown god.
   513 | D:1      | Prayed at the altar of an unknown god.
   513 | D:1      | Became a worshipper of Fedhas Madash
   513 | D:1      | Reached * piety under Fedhas
   724 | D:1      | Reached XP level 3. HP: 5/19 MP: 4/6
  1913 | D:2      | Reached skill level 1 in Transmutations
  1913 | D:2      | Reached XP level 4. HP: 6/24 MP: 4/8
  2142 | D:1      | Reached skill level 5 in Earth Magic
  2399 | D:2      | Reached skill level 1 in Fighting
  2562 | D:2      | Reached ** piety under Fedhas
  2703 | D:2      | Found Walawoxo's Magic Scroll Emporium.
  2787 | D:2      | Slain by a goblin

Illustrated notes

Levels and vault maps discovered:
D:1:      erik_arrival_cave_to_civilisation [erik_arrival_cave_to_hall],
          layout_basic, hellmonk_ecumenical_altar_run_dry
D:2:      layout_basic, serial_shops, shop, minmay_misc_feat_more_columns,
          mrwooster_statue_mirror, minmay_misc_feat_enclosed

Skill      XL: |  1  2  3  4 |
---------------+-------------+-----
Earth Magic    | 4 5 |  5.1
Transmutations | 1 |  1.2
Fighting       | 1 |  1.0
Spellcasting   | 3 |  3.0
Dodging        | |  1.5
Stealth        | |  2.1

Action                   |  1- 3 |  4- 6 || total
-------------------------+-------+-------++-------
Melee: Dagger            |    69 |       ||    69
       Punch             |     1 |       ||     1
       Whip              |    10 |    51 ||    61
 Cast: Sandblast         |    27 |    14 ||    41
  Use: Scroll            |     1 |     1 ||     2
 Stab: Sleeping          |     3 |     1 ||     4
Armor: Robe              |    24 |    45 ||    69
Dodge: Dodged            |    49 |    79 ||   128
